[Event "Early-Titled-Tuesday-Blitz-February-20-2024"]
[Site "Chess.com"]
[Date "2024.02.20"]
[Round "6"]
[White "chess94cu"]
[Black "dosto07"]
[Result "1-0"]
[WhiteElo "2661"]
[BlackElo "2494"]
[TimeControl "180+1"]
[EndTime "9:08:45 PST"]
[Termination "chess94cu won on time"]

1. Nf3 d5 2. c4 d4 3. e3 Nc6 4.
b4 dxe3 5. fxe3 Nxb4 6. d4 e6 7. a3 Nc6 8. Nc3 g6 9. Be2 Bg7 10.
O-O Nge7 11. Rb1 O-O 12. Bd3 b6 13. Qe2 Bb7 14. Bb2 Qd7 15. Rbd1 Rad8 16. Kh1 Qc8 17. Bc2 Na5 18. Ne4 Ba6 19. Nfd2 Nf5 20. g4 Nd6 21. Nf6+ Kh8 22. Bd3 c5 23. Rc1 Ne8 24. Nde4 Nxf6 25. Nxf6 Bb7+ 26. Kg1 Qc6 27. d5 exd5 28.
cxd5 Qd6 29. e4 c4 30. Bb1 Qc5+ 31. Kh1 Rde8 32. Qg2 Qe3 33. Rf3 Qg5 34. Rcf1 Re5 35.
Nd7 Rfe8 36. Rxf7 R5e7 37. Bxg7+ Kg8 38. Bf6 Rxf7 39. Bxg5 Rxf1+ 40. Qxf1 1-0

[Event "Early-Titled-Tuesday-Blitz-February-20-2024"]
[Site "Chess.com"]
[Date "2024.02.20"]
[Round "6"]
[White "fabianvivasz"]
[Black "jaskol95"]
[Result "0-1"]
[WhiteElo "2383"]
[BlackElo "2580"]
[TimeControl "180+1"]
[EndTime "9:08:45 PST"]
[Termination "jaskol95 won by resignation"]

1. e4 d5 2. exd5 Nf6 3. d4 Bg4 4. Bb5+ Nbd7 5. Be2 Bxe2 6. Qxe2 Nxd5 7. Nf3 e6 8. O-O c6 9. c4 N5f6 10. Nc3 Be7 11. Bf4 O-O 12. Rad1 Re8 13. h3 Qa5 14. Ne5 Rad8 15. Qf3 Nf8 16. Bg5 Ng6 17. Rfe1 Qb4 18. h4 Nxe5 19. dxe5 Nd7 20. Bxe7 Rxe7 21. Ne4 Ree8 22. Qg3 Kf8 23. Nd6 Re7 24. Re4 Qxb2 25.
h5 h6 26. Rg4 Qxe5 27. f4 Qc5+ 28. Kh2 Nf6 29. Nxb7 Qxh5+ 30. Rh4 Qxd1 31. Nxd8 Qxd8 32. f5 Qc7 33. Qxc7 Rxc7 34. fxe6 fxe6 0-1

[Event "Early-Titled-Tuesday-Blitz-February-20-2024"]
[Site "Chess.com"]
[Date "2024.02.20"]
[Round "6"]
[White "lachesisQ"]
[Black "joshdaruca"]
[Result "1-0"]
[WhiteElo "3039"]
[BlackElo "2769"]
[TimeControl "180+1"]
[EndTime "9:08:47 PST"]
[Termination "lachesisQ won on time"]

1. e4 e6 2. d4 d5 3. e5 c5 4. c3 Nc6 5. Nf3 Qb6 6. Bd3 Bd7 7. O-O cxd4 8. cxd4 Nb4 9. Be2 Bb5 10. Nc3 Bxe2 11.
Nxe2 Ne7 12. a3 Nbc6 13. Ng3 g6 14. Bg5 Bg7 15. Qd2 h6 16. Bf6 Bxf6 17. exf6 Ng8 18. Qf4 Qd8 19. Rac1 Nxf6 20. b4 a6 21. h4 Nd7 22.
Rfe1 Qb8 23. Qg4 h5 24. Qg5 Qd6 25. Rc3 Kf8 26. Ne2 Qe7 27. Qg3 Rc8 28. Nf4 Qf6 29.
Ng5 Ne7 30. Ngxe6+ fxe6 31. Rxc8+ Nxc8 32. Rxe6 Qf5 33. Rxg6 Ne7 34. Rg5 Qb1+ 35. Kh2 Nf6 36. f3 Kf7 37. Qh3 Ke8 38. Qe6 Rf8 39. Rg7 Ng8 40. Ng6 1-0

[Event "Early-Titled-Tuesday-Blitz-February-20-2024"]
[Site "Chess.com"]
[Date "2024.02.20"]
[Round "6"]
[White "vi_pranav"]
[Black "masnyszachistaaa"]
[Result "1-0"]
[WhiteElo "3028"]
[BlackElo "2574"]
[TimeControl "180+1"]
[EndTime "9:08:47 PST"]
[Termination "vi_pranav won on time"]

1. e4 e5 2. Nf3 Nc6 3. Bb5 a6 4. Ba4 Nf6 5. O-O Nxe4 6. d4 exd4 7. Re1 d5 8. Nxd4 Bd6 9. Nxc6 Bxh2+ 10. Kf1 Qh4 11. Be3 O-O 12. Nd4 Bg4 13. Nf3 Qh5 14. Nc3 c6 15. Bb3 Rae8 16. Ke2 Ng5 17. Bxd5 cxd5 18.
Qxd5 Re4 19. Nxe4 Bxf3+ 20. gxf3 Qxf3+ 21. Kd3 Nxe4 22. c4 Bc7 23. Kc2 Rd8 24. Qxb7 Be5 25. Rad1 Rxd1 26. Qa8+ 1-0

[Event "Early-Titled-Tuesday-Blitz-February-20-2024"]
[Site "Chess.com"]
[Date "2024.02.20"]
[Round "6"]
[White "Agentxya"]
[Black "zajka-molotok"]
[Result "0-1"]
[WhiteElo "2222"]
[BlackElo "2502"]
[TimeControl "180+1"]
[EndTime "9:08:48 PST"]
[Termination "zajka-molotok won by resignation"]

1. e4 c5 2. Nf3 Nc6 3. d4 cxd4 4. Nxd4 Nf6 5. Nc3 e5 6. Ndb5 d6 7. Bg5 a6 8. Na3 b5 9. Nd5 Be7 10. Bxf6 Bxf6 11. c3 Bg5 12. Be2 O-O 13. Nc2 Rb8 14. Bd3 a5 15. h4 Bh6 16. Qf3 b4 17. g4 Bf4 18. g5 bxc3 19. bxc3 Be6 20. Nxf4 exf4 21. Qxf4 Ne5 22. Be2 Rb2 23. Nd4 Qc7 24.
Qe3 Rc8 25. O-O Qxc3 26. Qxc3 Rxc3 27. Rfc1 Rc5 28. f4 Nc6 29. Rxc5 Nxd4 30. Rxa5 Nxe2+ 31. Kf2 g6 32. Kf3 Nd4+ 33. Ke3 Nc2+ 34. Kd3 Nxa1 35. a4 Ra2 36. Ra8+ Kg7 37. Kc3 Nb3 38. Kb4 Nc5 39. a5 Nxe4 40. Kb5 d5 41. Kc6 d4 42.
a6 d3 43. Rd8 Rxa6+ 44. Kb5 Ra3 45. Rd4 d2 46. Kb4 Ra1 0-1

[Event "Early-Titled-Tuesday-Blitz-February-20-2024"]
[Site "Chess.com"]
[Date "2024.02.20"]
[Round "6"]
[White "Sattarov_Bobur"]
[Black "GOGIEFF"]
[Result "0-1"]
[WhiteElo "2804"]
[BlackElo "3025"]
[TimeControl "180+1"]
[EndTime "9:08:49 PST"]
[Termination "GOGIEFF won on time"]

1. e4 c5 2. Nc3 d6 3. Nf3 Nf6 4.
e5 dxe5 5. Nxe5 a6 6. g3 Qc7 7.
d4 cxd4 8. Qxd4 Nc6 9. Nxc6 Qxc6 10. Bg5 h6 11. O-O-O Be6 12. Bf4 g5 13. Be5 Bg7 14. Rg1 O-O 15. Bg2 Qc8 16. Qb4 b5 17. Bxa8 Qxa8 18.
Qxe7 Re8 19. Qb4 Bf8 20. Bd6 Bg7 21. h4 g4 22. Rge1 Rc8 23. Be5 Qf3 24. Qe7 Qxf2 25.
Kb1 Nd5 26. Nxd5 Qxc2+ 27. Ka1 Bxe5 28. Qa3 Bxd5 29. Rb1 Bg7 30. Qe3 Qa4 31. a3 Qc4 0-1

[Event "Early-Titled-Tuesday-Blitz-February-20-2024"]
[Site "Chess.com"]
[Date "2024.02.20"]
[Round "6"]
[White "JSPrepz"]
[Black "Ordekalog"]
[Result "0-1"]
[WhiteElo "2858"]
[BlackElo "2630"]
[TimeControl "180+1"]
[EndTime "9:08:49 PST"]
[Termination "Ordekalog won on time"]

1. e4 c5 2. Nf3 e6 3. c3 d5 4. e5 d4 5. d3 Nc6 6. g3 Nge7 7. Bg2 Ng6 8. Qe2 Qc7 9. O-O Ngxe5 10. Nxe5 Nxe5 11.
Na3 Bd7 12. Bf4 Bd6 13. cxd4 cxd4 14. Rac1 Qb8 15. Rfe1 Nc6 16. Bxd6 Qxd6 17. Nb5 Qb8 18. Bxc6 Bxc6 19. Nxd4 Bd7 20. Rc5 Qd6 21. Nb3 O-O 22.
Qe3 b6 23. Rg5 Rfd8 24. h4 Bc6 25. Rd1 h6 26. Rh5 Bb7 27. Kh2 Qc6 28. Rg1 Qd6 29. Rd1 Rac8 30. d4 Rc2 31. d5 Bxd5 32. Nd4 Rxb2 33. Nf3 Qc5 34. Qxc5 bxc5 35. Kg1 Rdb8 36.
Ne5 Rb1 37. Rf1 f6 38. Nd7 Rxf1+ 39. Kxf1 Rb2 40. Ke1 c4 41. Nc5 Bf3 0-1

[Event "Early-Titled-Tuesday-Blitz-February-20-2024"]
[Site "Chess.com"]
[Date "2024.02.20"]
[Round "6"]
[White "Fandorine"]
[Black "BilodeauA"]
[Result "0-1"]
[WhiteElo "2964"]
[BlackElo "3038"]
[TimeControl "180+1"]
[EndTime "9:08:51 PST"]
[Termination "BilodeauA won by resignation"]

1. d4 d5 2. Nf3 Nf6 3. Bg5 c5 4. e3 Nc6 5. Nbd2 e6 6. c3 Be7 7. Bd3 O-O 8. Ne5 Nd7 9. Bxe7 Qxe7 10. f4 Ndxe5 11. dxe5 f6 12. exf6 Qxf6 13. O-O Bd7 14. e4 Qh6 15. Qg4 Rad8 16. Rf2 Ne5 17. Qg3 Nxd3 18. Qxd3 Bc6 19. Qe3 e5 20. exd5 exf4 21. Qxc5 Rxd5 22. Qxa7 Rh5 23. Nf3 g5 24. Qd4 g4 25.
Ne5 Rxh2 26. Rd2 Rh1+ 27. Kf2 Rxa1 28. Qc4+ Kh8 29. Qd4 Qh4+ 30. Ke2 Qe1+ 31. Kd3 Qe3+ 32. Qxe3 fxe3 33. Kxe3 Re1+ 0-1

[Event "Early-Titled-Tuesday-Blitz-February-20-2024"]
[Site "Chess.com"]
[Date "2024.02.20"]
[Round "6"]
[White "VinzentSpitzl"]
[Black "chessdjw"]
[Result "1-0"]
[WhiteElo "2553"]
[BlackElo "2740"]
[TimeControl "180+1"]
[EndTime "9:08:51 PST"]
[Termination "VinzentSpitzl won by resignation"]

1. e4 c5 2. Nf3 d6 3. d4 cxd4 4. Nxd4 Nf6 5. Nc3 a6 6. Be2 e5 7. Nb3 Be7 8. O-O O-O 9. Re1 Nc6 10. a4 Nb4 11. Bf3 Qc7 12. Bd2 Be6 13. Nd5 Nbxd5 14. exd5 Bxd5 15. Ba5 Qc6 16. Nd4 Qd7 17. Nf5 Qxf5 18. Bxd5 Nxd5 19. Qxd5 Qxc2 20. Qxb7 Bg5 21.
Bc7 Be7 22. Rad1 Qg6 23. b4 Rfc8 24. b5 axb5 25. axb5 Qe6 26. b6 Ra2 27. Qc6 Rb2 28. b7 Rf8 29. Rb1 Rxb1 30. Rxb1 d5 31. Qxe6 fxe6 32.
b8=Q Rxb8 33. Rxb8+ Kf7 34. Bxe5 1-0

[Event "Early-Titled-Tuesday-Blitz-February-20-2024"]
[Site "Chess.com"]
[Date "2024.02.20"]
[Round "6"]
[White "bulletteemo"]
[Black "ElephantChessGenius"]
[Result "0-1"]
[WhiteElo "2566"]
[BlackElo "2330"]
[TimeControl "180+1"]
[EndTime "9:08:51 PST"]
[Termination "ElephantChessGenius won by resignation"]

1. e4 c5 2. Nf3 Nc6 3. d4 cxd4 4. Nxd4 g6 5. c4 Bg7 6. Be3 Qb6 7. Nb3 Qd8 8. Nc3 Bxc3+ 9. bxc3 Nf6 10. Bd3 d6 11. c5 dxc5 12. Bxc5 b6 13. Be3 Ne5 14. Be2 Qxd1+ 15.
Rxd1 Nxe4 16. Bd4 f6 17. Bxe5 fxe5 18. Bb5+ Kf7 19. Bc6 Bf5 20. Bxa8 Rxa8 21. Rc1 Rc8 22. O-O Rxc3 23. Rxc3 Nxc3 24. a3 Be6 25. Nd2 Nb5 26. Ra1 Nd4 27. a4 Nb3 28. Nxb3 Bxb3 29. a5 b5 30. f3 Ke6 31. Kf2 Kd5 32. Ke3 Bc4 33. Rd1+ Kc6 34. Ke4 b4 35. Kxe5 Kb5 36. Kd4 Bb3 37.
Re1 e6 38. Re5+ Bd5 39. h4 Kxa5 40. h5 Ka4 41. h6 b3 42. Re1 Ka3 43. Ke5 b2 44.
Kf6 e5 45. Kxe5 Ba2 46. g4 g5 47. Kf6 b1=Q 48. Rxb1 Bxb1 49. Kxg5 Kb4 50. f4 a5 51.
f5 a4 52. Kf6 a3 53. Ke7 a2 54. f6 a1=Q 55. f7 Qe5+ 0-1

[Event "Early-Titled-Tuesday-Blitz-February-20-2024"]
[Site "Chess.com"]
[Date "2024.02.20"]
[Round "6"]
[White "ZachHKL"]
[Black "WiktoriaPOL"]
[Result "0-1"]
[WhiteElo "2108"]
[BlackElo "2287"]
[TimeControl "180+1"]
[EndTime "9:08:53 PST"]
[Termination "WiktoriaPOL won by resignation"]

1. e4 c5 2. Nf3 d6 3. d4 cxd4 4.
Nxd4 Nf6 5. Nc3 a6 6. Bg5 Nbd7 7. Qe2 Qc7 8. O-O-O b5 9. Kb1 Bb7 10. Nf5 h6 11. Bh4 e6 12. Bxf6 Nxf6 13. Ng3 Be7 14. a3 O-O 15. f3 Qb6 16. Qd3 d5 17. e5 Nd7 18. f4 Nc5 19. Qd4 Bc6 20. b4 Nd7 21. Qxb6 Nxb6 22. Bd3 Nc4 23. Bxc4 bxc4 24. Ka2 Rfb8 25. Nge2 a5 26. Nd4 axb4 27. Nb1 Ba4 28. Rc1 bxa3 29. Nc3 Rb2+ 30. Ka1 Bb4 31. Nxa4 Rxa4 32. c3 Ba5 33. g3 Bb6 34. Rb1 Bxd4 35. cxd4 c3 36. Rhc1 Rc4 37. h3 Rcb4 38. Rxc3 Rxb1+ 39. Ka2 R4b2+ 40. Kxa3 Rb8 41. Ka2 R1b4 42. Ra3 Rxd4 43.
Ka1 Rbb4 44. Ka2 Ra4 45. Rxa4 Rxa4+ 46. Kb3 Rc4 47. g4 Rc8 0-1

[Event "Early-Titled-Tuesday-Blitz-February-20-2024"]
[Site "Chess.com"]
[Date "2024.02.20"]
[Round "6"]
[White "MyDream003"]
[Black "Casper"]
[Result "1-0"]
[WhiteElo "2737"]
[BlackElo "2531"]
[TimeControl "180+1"]
[EndTime "9:08:54 PST"]
[Termination "MyDream003 won on time"]

1. e4 g6 2. d4 Bg7 3. Nf3 d6 4. c3 Bg4 5. Bd3 Nd7 6. Nbd2 e5 7. h3 Bxf3 8. Nxf3 exd4 9. cxd4 Ne7 10. O-O O-O 11.
Bg5 h6 12. Bh4 Kh8 13. Re1 g5 14. Bg3 f5 15. exf5 Nxf5 16. Bxf5 Rxf5 17. Qc2 Rf7 18. Qc4 Qf8 19. Re3 Nf6 20. Rae1 Nh5 21. Bh2 b5 22.
Qxb5 Rb8 23. Qc6 Nf6 24. b3 Kh7 25. Qc2+ Kh8 26. Re6 Nd5 27. Qc6 Nb4 28. Qa4 Qg8 29. Re8 Rf8 30. Rxb8 Rxb8 31. Qxa7 Nd3 32. Rd1 Ra8 33.
Qxc7 Rxa2 34. Bg3 Nf4 35. Bxf4 gxf4 36. Qxd6 Qxb3 37. Re1 Qc2 38. Rf1 Qf5 39. d5 Kh7 40. Qc5 1-0

[Event "Early-Titled-Tuesday-Blitz-February-20-2024"]
[Site "Chess.com"]
[Date "2024.02.20"]
[Round "6"]
[White "VladimirKramnik"]
[Black "FairChess_on_YouTube"]
[Result "1-0"]
[WhiteElo "2974"]
[BlackElo "3064"]
[TimeControl "180+1"]
[EndTime "9:08:55 PST"]
[Termination "VladimirKramnik won by checkmate"]

1. e4 c5 2. Nf3 e6 3. d4 cxd4 4. Nxd4 Nc6 5. Nc3 Nf6 6. a3 d6 7.
Be3 Be7 8. Qe2 e5 9. Nf5 Bxf5 10.
exf5 d5 11. O-O-O d4 12. Bg5 Qa5 13. Bxf6 dxc3 14. Bxe7 cxb2+ 15. Kxb2 Kxe7 16. Qe3 Rhd8 17. Bc4 Qb6+ 18. Qxb6 axb6 19. g4 Kf6 20. h4 h6 21.
Bd3 Rd4 22. f3 Na5 23. Bb5 Rad8 24. Rxd4 Rxd4 25. Bd3 Nc4+ 26. Kc3 Nxa3 27. Kb3 Nxc2 28. Kxc2 b5 29. Rb1 b4 30. Be4 Ke7 31. g5 hxg5 32. hxg5 Kd6 33. Kb3 b5 34. Rc1 g6 35. fxg6 fxg6 36.
Rc6+ Kd7 37. Rxg6 Ke7 38. Rb6 Rd1 39. Kxb4 Rg1 40. g6 Kd7 41. Kxb5 Kc7 42. Rf6 Kd7 43. Kc5 Ke7 44. Rf7+ Ke6 45. Bd5# 1-0

[Event "Early-Titled-Tuesday-Blitz-February-20-2024"]
[Site "Chess.com"]
[Date "2024.02.20"]
[Round "6"]
[White "Maftuna2303"]
[Black "Dewarfd"]
[Result "1-0"]
[WhiteElo "2407"]
[BlackElo "2137"]
[TimeControl "180+1"]
[EndTime "9:08:55 PST"]
[Termination "Maftuna2303 won on time"]

1. e4 c5 2. Nf3 g6 3. g3 Bg7 4. Bg2 Nc6 5. O-O d6 6. c3 Nf6 7. Qe2 O-O 8. Rd1 Nd7 9. d4 cxd4 10. cxd4 Rb8 11. Nc3 a6 12. Bf4 b5 13. a3 Qb6 14.
Be3 Na5 15. d5 Qd8 16. Nd4 Bb7 17. Rac1 Nc4 18. Bf4 Rc8 19. a4 Qb6 20. Nf3 Nc5 21.
axb5 axb5 22. e5 dxe5 23. Nxe5 Nxe5 24. Bxe5 Bxe5 25. Qxe5 b4 26. Ne4 Nxe4 27. Qxe4 Qd6 28. Qd4 Rxc1 29. Rxc1 Rd8 30. Qa7 Bxd5 31. Bxd5 Qxd5 32. Qxe7 Qd2 33. Re1 Rf8 34. b3 Qc3 35.
Re3 Qc1+ 36. Kg2 Qc6+ 37. Kh3 Qc8+ 38. Kg2 Qc6+ 39. Qe4 Qc5 40. Rd3 Rc8 41. Rd4 Rb8 42.
Rd7 1-0

[Event "Early-Titled-Tuesday-Blitz-February-20-2024"]
[Site "Chess.com"]
[Date "2024.02.20"]
[Round "6"]
[White "Hovik_Hayrapetyan"]
[Black "HamedWafa4"]
[Result "1-0"]
[WhiteElo "2890"]
[BlackElo "2721"]
[TimeControl "180+1"]
[EndTime "9:08:57 PST"]
[Termination "Hovik_Hayrapetyan won by resignation"]

1. d4 Nf6 2. c4 e6 3. Nc3 Bb4 4. Nf3 O-O 5. Bg5 h6 6. Bh4 b6 7. e3 Bb7 8. Bd3 Bxc3+ 9. bxc3 d6 10. Nd2 Nbd7 11. e4 e5 12. O-O g5 13. Bg3 Re8 14.
Re1 Nf8 15. f3 Ne6 16. Nb3 Nf4 17. Bf1 Kh7 18. a4 a5 19. c5 Qe7 20. Bb5 Red8 21. Qc2 dxc5 22. dxc5 Ba6 23. Bxa6 Rxa6 24. Red1 Raa8 25.
cxb6 cxb6 26. Bf2 Qc7 27. c4 Nd7 28. Be3 Nc5 29. Nxc5 bxc5 30. g3 Ne6 31. Rd5 Nd4 32. Bxd4 cxd4 33. c5 Rab8 34. c6 Kg7 35. Rc1 Rbc8 36.
Qc5 Rxd5 37. exd5 Rd8 38. d6 Rxd6 39. Qxd6 Qxd6 40. c7 d3 41. c8=Q d2 42. Rd1 Qd4+ 43. Kf1 Qd3+ 44. Kf2 Qd4+ 45. Ke2 Qxa4 46. Qc3 Qb5+ 47.
Kf2 Qc5+ 48. Qxc5 1-0

[Event "Early-Titled-Tuesday-Blitz-February-20-2024"]
[Site "Chess.com"]
[Date "2024.02.20"]
[Round "6"]
[White "AttilaTurzo"]
[Black "JonaszBaum"]
[Result "0-1"]
[WhiteElo "2505"]
[BlackElo "2687"]
[TimeControl "180+1"]
[EndTime "9:08:57 PST"]
[Termination "JonaszBaum won by resignation"]

1. d4 e6 2. Nf3 d5 3. Bf4 Nf6 4.
e3 c5 5. Nbd2 Nc6 6. c3 cxd4 7.
exd4 Nh5 8. Be3 Bd6 9. Ne5 Nf6 10. Nd3 O-O 11. g3 Ne4 12. Bg2 f5 13. O-O Bd7 14. Bf4 Qc7 15. f3 Nf6 16. Re1 Rae8 17. Bxd6 Qxd6 18. Ne5 Bc8 19. Nxc6 bxc6 20. Nb3 f4 21. g4 Nd7 22. Qd2 c5 23. Bf1 c4 24. Nc1 e5 25.
dxe5 Nxe5 26. Bg2 Qb6+ 27. Qf2 Nxf3+ 28. Bxf3 Rxe1+ 29. Kg2 Qe3 30. Qxe3 fxe3 31. Nb3 Rxa1 32. Nxa1 Bxg4 33. Bxg4 Rf2+ 34. Kg3 Rxb2 35. Be6+ Kf8 36. Bxd5 e2 37. Kf2 Rxa2 38. Bxc4 e1=Q+ 39. Kxe1 Rxa1+ 40. Kf2 Rc1 41. Bd3 h6 42. c4 Rc3 43. Ke3 a5 44. Kd4 Rc1 45. Ke3 a4 46. Kd2 Rh1 47. Kc3 Rxh2 48. c5 a3 49. c6 Ke7 50. Bc4 a2 51. Bxa2 Rxa2 52. c7 Kd7 53. c8=Q+ Kxc8 0-1

[Event "Early-Titled-Tuesday-Blitz-February-20-2024"]
[Site "Chess.com"]
[Date "2024.02.20"]
[Round "6"]
[White "sewlins"]
[Black "EdmundPlayer"]
[Result "1-0"]
[WhiteElo "2145"]
[BlackElo "2278"]
[TimeControl "180+1"]
[EndTime "9:08:59 PST"]
[Termination "sewlins won by resignation"]

1. e4 c6 2. Nf3 d5 3. Nc3 g6 4.
d4 dxe4 5. Nxe4 Bg7 6. Bc4 Nf6 7.
Neg5 Nd5 8. Ne5 O-O 9. Ne4 Nd7 10.
Nxd7 Bxd7 11. c3 Bf5 12. Ng3 Qd7 13. O-O Rad8 14. a4 Nb6 15. Nxf5 Nxc4 16. Nxg7 Kxg7 17. Qb3 Nd6 18. Re1 Rb8 19. Bf4 b5 20. a5 Rbd8 21. Rad1 Nc4 22. Qb4 e6 23. b3 Nd6 24. c4 bxc4 25.
bxc4 Nf5 26. Qc5 Rfe8 27. a6 f6 28. h3 Nxd4 29. Be3 e5 30. Bxd4 exd4 31. Rxe8 Qxe8 32. Rxd4 Qe1+ 33. Kh2 Rd7 34. Rxd7+ Kh6 35. Qe3+ 1-0

[Event "Early-Titled-Tuesday-Blitz-February-20-2024"]
[Site "Chess.com"]
[Date "2024.02.20"]
[Round "6"]
[White "Louis-Paulsen-Fan"]
[Black "Magic-Nelwyn"]
[Result "1/2-1/2"]
[WhiteElo "2226"]
[BlackElo "2475"]
[TimeControl "180+1"]
[EndTime "9:09:00 PST"]
[Termination "Game drawn by repetition"]

1. d4 d6 2. Nf3 g6 3. c4 Bg7 4.
Nc3 c5 5. d5 Bxc3+ 6. bxc3 f5 7. e4 fxe4 8. Ng5 Nf6 9. f3 Qa5 10. Qc2 exf3 11. Nxf3 Bf5 12. Bd3 Nbd7 13. Bxf5 gxf5 14.
O-O Ne4 15. Bb2 O-O-O 16. Nh4 Nb6 17. Nxf5 Nxc4 18. Qxe4 Nxb2 19. Qxe7 Qc7 20. Qe6+ Kb8 21. Rae1 Nc4 22. Rf3 Rhf8 23. Rg3 Rd7 24. h3 a6 25. Rg4 b5 26. a4 Rdf7 27. Nh6 Rf6 28. Qe7 Qxe7 29. Rxe7 Rxh6 30. Rgg7 Na5 31. axb5 axb5 32.
Ra7 Rg6 33. Rxh7 Rfg8 34. g4 Nc4 35. Rhb7+ Kc8 36. Rc7+ Kb8 37. Rcb7+ Kc8 38. Rc7+ Kb8 39. Rcb7+ 1/2-1/2

[Event "Early-Titled-Tuesday-Blitz-February-20-2024"]
[Site "Chess.com"]
[Date "2024.02.20"]
[Round "6"]
[White "MAGMAchess02"]
[Black "SHIVACalypso"]
[Result "0-1"]
[WhiteElo "2243"]
[BlackElo "2510"]
[TimeControl "180+1"]
[EndTime "9:09:01 PST"]
[Termination "SHIVACalypso won on time"]

1. e4 e6 2. d4 a6 3. Nf3 b5 4. a4 b4 5. Bd3 Bb7 6. O-O c5 7. b3 d6 8. Bb2 Nd7 9. Re1 Qc7 10. d5 e5 11. Nbd2 g6 12. Nc4 Bg7 13. a5 Ne7 14. Bc1 O-O 15. Be3 f5 16. Ng5 f4 17.
Ne6 Qb8 18. Nxf8 Nxf8 19. Bd2 g5 20. Be2 Qc7 21. Bg4 Nfg6 22. Be6+ Kh8 23. Qg4 Rf8 24.
Qxg5 Bf6 25. Qg4 Ng8 26. f3 Nh6 27. Qh5 Kg7 28. g4 Qe7 29. Qh3 Bg5 30. Kh1 Bc8 31. Bxc8 Rxc8 32. Rg1 Ng8 33. Be1 Nf6 34. Bf2 Ne8 35.
Qh5 Nc7 36. Rg2 Nb5 37. Re1 Nc3 38. Rgg1 Rf8 39. Qh3 Rf6 40. Qf1 Nf8 41. h3 Rh6 42. Kg2 Bh4 43. Rh1 Ng6 0-1

[Event "Early-Titled-Tuesday-Blitz-February-20-2024"]
[Site "Chess.com"]
[Date "2024.02.20"]
[Round "6"]
[White "cmunda"]
[Black "DarZay"]
[Result "0-1"]
[WhiteElo "2131"]
[BlackElo "2307"]
[TimeControl "180+1"]
[EndTime "9:09:01 PST"]
[Termination "DarZay won on time"]

1. e4 c5 2. Nf3 Nc6 3. Nc3 g6 4. Bb5 Bg7 5. Bxc6 dxc6 6. O-O e5 7. d3 b6 8. a4 a5 9. Be3 Qc7 10. h3 Nf6 11. Qd2 O-O 12. Bh6 Nd7 13. Bxg7 Kxg7 14.
Nh4 Re8 15. Qg5 Nf8 16. Ne2 h6 17. Qg3 g5 18. Nf5+ Bxf5 19. exf5 f6 20. Qg4 Nd7 21.
Ng3 Qd6 22. Rae1 b5 23. Re4 Qd5 24. h4 Rh8 25. Rfe1 Qf7 26. Nh5+ Kf8 27. g3 Nb6 28. axb5 cxb5 29. Kg2 Nd5 30. f4 gxf4 31. Qg6 Ne3+ 32.
Kf3 Nxc2 33. Rc1 Nd4+ 34. Kg2 Qxg6 35. fxg6 Ke7 36. gxf4 Kd6 37. Nxf6 exf4 38. Rxf4 Ne6 39. Rf5 Rhf8 40. Ne4+ Kc6 0-1

[Event "Early-Titled-Tuesday-Blitz-February-20-2024"]
[Site "Chess.com"]
[Date "2024.02.20"]
[Round "6"]
[White "The_Straightforward_Rook"]
[Black "martinmena"]
[Result "0-1"]
[WhiteElo "2448"]
[BlackElo "2207"]
[TimeControl "180+1"]
[EndTime "9:09:02 PST"]
[Termination "martinmena won by resignation"]

1. Nf3 d5 2. d4 Nf6 3. e3 e6 4. Bd3 Bd6 5. O-O O-O 6. Nbd2 b6 7. e4 dxe4 8. Nxe4 Bb7 9. Bg5 Be7 10. Qe2 Nd5 11.
Bxe7 Qxe7 12. c4 Nf4 13. Qe3 Nxd3 14. Qxd3 Nd7 15. Rfe1 Nf6 16. Nfg5 Nxe4 17. Nxe4 Rad8 18. Rad1 Qh4 19. g3 Qh5 20. f3 c5 21. g4 Qg6 22. Qe3 cxd4 23. Rxd4 f5 24. Rxd8 Rxd8 25. Ng5 fxg4 26. fxg4 Re8 27. h3 Qc2 28. Re2 Qxc4 29. Rd2 h6 30. Ne4 Qxe4 31. Qxe4 Bxe4 32. Rd7 a5 33. Rd6 Bd5 34. Rxb6 Bxa2 35. Kf2 Bd5 36. Ke3 Ra8 37. Kd4 Kf7 38. h4 a4 39. g5 hxg5 40. hxg5 Kg6 41. Ke5 Kxg5 42. Rb4 g6 43. Rd4 Ra5 44.
Kd6 Rb5 45. Rxa4 Kf5 46. Ra7 Rxb2 47. Rf7+ Ke4 48. Kc5 g5 49. Rf8 g4 50. Rg8 Rg2 51. Kd6 g3 52. Ke7 Rg1 53. Kf6 g2 54. Rg4+ Ke3 55.
Ke5 Kf3 56. Rg7 Re1+ 57. Kd6 g1=Q 0-1

[Event "Early-Titled-Tuesday-Blitz-February-20-2024"]
[Site "Chess.com"]
[Date "2024.02.20"]
[Round "6"]
[White "GrotBchess"]
[Black "Zallio"]
[Result "1-0"]
[WhiteElo "2359"]
[BlackElo "2148"]
[TimeControl "180+1"]
[EndTime "9:09:02 PST"]
[Termination "GrotBchess won by resignation"]

1. d4 Nf6 2. Nf3 g6 3. c4 Bg7 4. Nc3 O-O 5. g3 d6 6. Bg2 c6 7. O-O Nbd7 8. e4 e5 9. dxe5 Nxe5 10. Nxe5 dxe5 11. Be3 Be6 12. b3 b6 13. a4 Ng4 14.
Bd2 Nf6 15. Qc2 Qc7 16. Rfd1 Rad8 17. Be3 Nd7 18. a5 f5 19. axb6 axb6 20. Bg5 Ra8 21. Rxa8 Rxa8 22. exf5 Bxf5 23. Be4 Rf8 24. Be7 Rf7 25.
Bd6 Qc8 26. Qd3 Bxe4 27. Nxe4 Nf6 28. Bxe5 Nxe4 29. Qxe4 Re7 30. f4 Qe8 31. Re1 Bxe5 32. fxe5 Kg7 33. Qd4 Re6 34. Qxb6 Rxe5 35. Qc7+ Kf6 36.
Rxe5 Qxe5 37. Qxc6+ Kf5 38. Qf3+ Ke6 39. Kf2 Qb2+ 40.
Qe2+ Qxe2+ 41. Kxe2 Kd6 42. Kf3 Kc5 43. Kf4 1-0

[Event "Early-Titled-Tuesday-Blitz-February-20-2024"]
[Site "Chess.com"]
[Date "2024.02.20"]
[Round "6"]
[White "campochess"]
[Black "rikchessmx"]
[Result "0-1"]
[WhiteElo "2137"]
[BlackElo "2245"]
[TimeControl "180+1"]
[EndTime "9:09:02 PST"]
[Termination "rikchessmx won on time"]

1. Nf3 Nf6 2. c4 e6 3. Nc3 d5 4. d4 c6 5. cxd5 exd5 6. g3 Bg4 7. Ne5 Be6 8. Bg2 Nbd7 9. Nd3 Bd6 10. O-O O-O 11. Re1 Re8 12. e3 Bg4 13. Bf3 Bh3 14.
Nf4 Bxf4 15. exf4 Qb6 16. Be3 Qxb2 17. Qd3 Qb6 18. f5 Bg4 19. Bg2 g6 20. fxg6 hxg6 21. Rab1 Qc7 22. Bf4 Qc8 23. Qd2 Bf5 24. Rxe8+ Nxe8 25.
Re1 Nb6 26. Be5 Nc4 27. Qh6 Nxe5 28. Rxe5 Nf6 29. Qg5 Kg7 30. Ne2 Ne4 31. Qe7 Qd7 32. Qa3 Nd6 33. Qc1 Be4 34. f3 Bf5 35. Nf4 Nc4 36.
Re2 Re8 37. Qe1 Rxe2 38. Qxe2 Qd6 39. Nd3 Qa3 40. Nc5 Qc1+ 41. Kf2 b6 42. Nb7 Qc3 43. g4 Qxd4+ 44. Kg3 Bc8 45. Nd8 Bd7 46. Qe7 Qe5+ 47.
Qxe5+ Nxe5 48. Nb7 Nc4 0-1

[Event "Early-Titled-Tuesday-Blitz-February-20-2024"]
[Site "Chess.com"]
[Date "2024.02.20"]
[Round "6"]
[White "Elsa167"]
[Black "Nikolakis2014"]
[Result "1-0"]
[WhiteElo "2898"]
[BlackElo "2753"]
[TimeControl "180+1"]
[EndTime "9:09:03 PST"]
[Termination "Elsa167 won by resignation"]

1. e4 c5 2. Nf3 Nc6 3. Bc4 e6 4. O-O a6 5. Re1 b5 6. Bf1 Bb7 7.
c3 Nf6 8. d4 d5 9. e5 Ne4 10. Be3 Be7 11. Nbd2 O-O 12. Bd3 Nxd2 13. Nxd2 cxd4 14. cxd4 f5 15. exf6 Bxf6 16. Qh5 g6 17. Qg4 e5 18. Nb3 Bc8 19. Qd1 exd4 20. Bh6 Rf7 21.
Be2 Bf5 22. Rc1 Rc8 23. Bg4 Qd7 24. Bf3 Qd6 25. Qd2 Be5 26. g3 d3 27. Rc5 Rd8 28. Rxc6 Qxc6 29. Rxe5 Qc2 30. Qe3 Be4 31. Bxe4 dxe4 32.
Rxe4 Qxb2 33. Re8+ Rf8 34. Bxf8 d2 35. Rxd8 Qb1+ 36.
Kg2 Qf5 37. Qxd2 Kf7 38. Qd7+ Qxd7 39. Rxd7+ Kxf8 40. Rxh7 1-0

[Event "Early-Titled-Tuesday-Blitz-February-20-2024"]
[Site "Chess.com"]
[Date "2024.02.20"]
[Round "6"]
[White "Chessmissile07"]
[Black "PavelShkapenko"]
[Result "0-1"]
[WhiteElo "2876"]
[BlackElo "2725"]
[TimeControl "180+1"]
[EndTime "9:09:04 PST"]
[Termination "PavelShkapenko won by checkmate"]

1. a3 d5 2. Nf3 Bg4 3. e3 Nd7 4. c4 dxc4 5. Bxc4 e6 6. d4 Ngf6 7. O-O Be7 8. Nc3 O-O 9. h3 Bh5 10. b4 a5 11. b5 Bd6 12. Be2 Qe7 13. Nd2 Bxe2 14. Qxe2 e5 15. Nc4 exd4 16. exd4 Qxe2 17. Nxe2 Nd5 18. Nxd6 cxd6 19. Nf4 N7b6 20. Nxd5 Nxd5 21. a4 Nb6 22. Bf4 Nc4 23. Rfc1 d5 24. b6 Rfe8 25. Bc7 Re4 26. Rd1 Re2 27. Rab1 Nb2 28. Kf1 Nxd1 29.
Rxd1 Ra2 30. Re1 Rxa4 31. Re7 Rb4 32. Rd7 a4 33. Bd6 Rxb6 34. Bc5 Rb3 35. Ke2 a3 36. Bxa3 Rbxa3 37. g3 b5 38. Rxd5 b4 39. Rc5 Rb8 40.
d5 b3 41. d6 b2 42. d7 Raa8 43. Rf5 b1=Q 44. Rf3 Qe4+ 45. Re3 Ra2+ 46. Ke1 Qh1# 0-1